 Dungeon Crawl Stone Soup version 0.19-a0-628-g9200b3b (webtiles) character file.

412 georgeearnest the Skirmisher (level 6, 0/56 HPs)
             Began as a Hill Orc Fighter on June 13, 2016.
             Slain by Eustachio
             ... wielding a +0 rapier
              (4 damage)
             ... on level 5 of the Dungeon.
             The game lasted 00:06:35 (4344 turns).

georgeearnest the Skirmisher (Hill Orc Fighter)     Turns: 4344, Time: 00:06:36

Health: 0/56       AC:  9    Str: 18 (21) XL:     6   Next: 90%
Magic:  6/6        EV: 13    Int:  6 (8)  God:
Gold:   205        SH: 10    Dex: 13 (15) Spells: 0 memorised, 5 levels left

rFire  . . .     SeeInvis .     a - +1 war axe
rCold  . . .     Gourm    .     b - +0 scale mail
rNeg   . . .     Faith    .     c - +1 shield
rPois  .         Spirit   .     u - +1 helmet
rElec  .         Dismiss  .     (no cloak)
rCorr  .         Reflect  .     (no gloves)
SustAt .         Harm     .     (no boots)
MR     .....                    (no amulet)
Stlth  +.........               (no ring)
                                (no ring)

@: agile, not resistant to hostile enchantments, very unstealthy
A: no striking features
a: no special abilities


You were on level 5 of the Dungeon.
You were near starving.

You visited 1 branch of the dungeon, and saw 5 of its levels.

You collected 205 gold pieces.

Inventory:

Hand Weapons
 a - a +1 war axe (weapon)
Armour
 b - a +0 scale mail (worn)
 c - a +1 shield (worn)
 u - a +1 helmet (worn)
Jewellery
 k - an uncursed ring of stealth {unknown}
 p - an uncursed amulet of dismissal {unknown}
Wands
 x - a wand of enslavement (16/24)
Scrolls
 h - a scroll of immolation
 l - a scroll of enchant weapon
 m - a scroll of remove curse
 w - 4 scrolls of identify
 A - a scroll of fear
Potions
 g - a potion of agility
 i - a potion of cancellation
 r - 2 potions of degeneration
Comestibles
 f - 3 bread rations
 z - a royal jelly


   Skills:
 + Level 5.0 Fighting
 + Level 4.6 Axes
 + Level 4.8 Armour
 + Level 2.0 Dodging
 + Level 0.1 Stealth
 + Level 4.8 Shields


You had 5 spell levels left.
You didn't know any spells.

Dungeon Overview and Level Annotations

Branches:
Dungeon (5/15)
 Temple: D:4-7

Altars:
Fedhas
Nemelex Xobeh
Uskayaw
Yredelemnul
Zin

Annotations:
D:5 Eustachio


Message History

As you read the scroll labeled WOPTOIMUAMM, it crumbles to dust.
It is a scroll of enchant armour.
Enchant which item? (? for menu, Esc to quit)
Your +0 shield glows green for a moment.
The crimson imp disappears in a puff of smoke!
The quokka bites you but does no damage.
The bat hits you but does no damage.
The river rat bites you but does no damage.
Eustachio hits you but does no damage. You block the iron imp's attack.
The quokka bites you but does no damage.
As you read the scroll labeled MENEYRUNOAR, it crumbles to dust.
It is a scroll of identify.
A - a scroll of fear You feel less woody.
Your +1 helmet unmelds from your body.
Your +0 scale mail unmelds from your body.
You block the bat's attack.
The river rat bites you but does no damage.
You block the quokka's attack. Eustachio hits you with a rapier.
You die...

##### ##?.$##
##[...[##
#...b..(#
#...)...#
#?.r.§.!#
##..@§.##
##r5@##
########'####
...5.5......#
.5.@........#
..5..5......#
##+########.#
###..###
#....#.[


You could see Eustachio (inner flame), an iron imp, a river rat, a quokka and a
bat.

Vanquished Creatures
  An ogre (D:4)
  A scorpion (D:5)
  An orc wizard (D:3)
  A worker ant (D:4)
  A hound skeleton (D:4)
  10 adders
  2 oozes
  4 worms
  A dart slug (D:3)
  2 giant geckos
  4 orcs (D:3)
  4 ball pythons
  6 giant cockroaches
  5 goblins
  5 hobgoblins
  10 jackals
  3 quokkas
  3 bats
  A jackal skeleton (D:4)
  17 kobolds
  30 rats
  A spectral orc (D:3)
113 creatures vanquished.

Notes
Turn   | Place    | Note
--------------------------------------------------------------
     0 | D:1      | georgeearnest the Hill Orc Fighter began the quest for the Orb.
     0 | D:1      | Reached XP level 1. HP: 19/19 MP: 1/1
   291 | D:1      | Found a sparkling altar of Nemelex Xobeh.
   379 | D:1      | Reached XP level 2. HP: 3/27 MP: 2/2
   384 | D:1      | HP: 1/27 [jackal (1)]
   900 | D:1      | Reached skill level 4 in Fighting
  1115 | D:2      | Reached XP level 3. HP: 25/33 MP: 3/3
  1294 | D:2      | Reached XP level 4. HP: 38/40 MP: 4/4
  1341 | D:2      | Found a hide-covered altar of Uskayaw.
  1421 | D:2      | Found a blossoming altar of Fedhas.
  2129 | D:3      | Reached skill level 1 in Dodging
  2146 | D:3      | Reached XP level 5. HP: 43/47 MP: 5/5
  2182 | D:3      | Found a basalt altar of Yredelemnul.
  2666 | D:3      | Found a glowing silver altar of Zin.
  3293 | D:4      | Reached XP level 6. HP: 55/55 MP: 6/6
  3498 | D:4      | Reached skill level 5 in Fighting
  4060 | D:5      | Entered Level 5 of the Dungeon
  4240 | D:5      | Noticed Eustachio
  4344 | D:5      | Slain by Eustachio

Vault maps used:
D:1:      dpeg_arrival_chase, nemelex_altar_shiori
D:2:      fedhas_altar_1, lemuel_doored_altar, minmay_rat_hole
D:3:      yredelemnul_forgotten_temple_becter, zin_treasury
D:5:      minmay_opposing_rooms, lemuel_crystal_altar, first_bread,
          okawaru_trees_2, uniq_duvessa, uniq_eustachio, uniq_blork_the_orc

Skill      XL: |  1  2  3  4  5  6 |
---------------+-------------------+-----
Fighting       | 4 5 |  5.0
Axes           | 3 4 |  4.6
Armour         | 4 |  4.8
Shields        | 4 |  4.8
Dodging        | 1 2 |  2.0
Stealth        | |  0.1

Action                   |  1- 3 |  4- 6 || total
-------------------------+-------+-------++-------
Melee: War axe           |   119 |   315 ||   434
  Use: Potion            |     1 |    14 ||    15
       Scroll            |       |     8 ||     8
  Eat: Bread ration      |     1 |     1 ||     2
       Beef jerky        |       |     1 ||     1
Armor: Scale mail        |    64 |   152 ||   216
       Skin              |       |   151 ||   151
Dodge: Dodged            |    33 |   119 ||   152
Block: Shield            |    79 |   272 ||   351
